Map: Dusk Towers

Players

DatBoiSugar - Winner!

  • Race: Terran Terran
  • League: Master

cSaroVati

  • Race: Protoss Protoss
  • League: Master

VOD

Have the link to the VOD?

Description

Time

  • Played on: June 26, 2016, 6:26 p.m.
  • Length: 14:33
Show
View Real Time Build Order
Export as new Build Order

DatBoiSugar Terran - Winner!

Build Orders:  

Get SALT Encoding   

  12  0:01  SCV  
  13  0:13  SCV  
  14  0:18  Supply Depot  
  14  0:25  SCV  
  15  0:39  SCV  
  15  0:40  Barracks  
  16  0:45  Refinery  
  16  0:51  SCV  
  17  1:04  SCV  
  18  1:16  SCV  
  19  1:28  Orbital Command  
  19  1:43  Barracks Reactor  
  19  1:44  Command Center  
  19  1:51  Supply Depot  
  19  1:55  SCV  
  20  2:07  SCV  
  21  2:12  Factory  
  21  2:18  Refinery  
  21  2:19  SCV  
  21  2:21  Marine  
  23  2:23  Marine  
  24  2:31  SCV  
  25  2:39  Marine  
  25  2:41  Marine  
  27  2:45  SCV  
  27  2:49  Bunker  
  28  2:56  Factory Tech Lab  
  28  2:57  Starport  
  28  2:59  Orbital Command  
  28  3:02  Marine  
  29  3:08  Marine  
  29  3:09  SCV  
  34  3:23  SCV  
  34  3:25  SCV  
  36  3:31  Siege Tank  
  36  3:33  Medivac  
  37  3:35  SCV  
  37  3:37  Marine x2  
  37  3:38  SCV  
  41  3:43  Supply Depot  
  41  3:47  SCV  
  42  3:54  SCV  
  42  3:55  Marine x2  
  45  4:02  Liberator  
  45  4:03  SCV  
  45  4:05  Siege Tank  
  45  4:09  Engineering Bay  
  49  4:12  Supply Depot  
  49  4:20  Marine  
  49  4:21  Marine  
  54  4:30  Supply Depot  
  54  4:34  SCV x2  
  56  4:38  Marine x2  
  58  4:46  SCV x2  
  58  4:48  Bunker  
  58  4:49  Supply Depot, Missile Turret  
  58  4:50  Missile Turret  
  60  4:58  SCV  
  61  5:02  Siege Tank, Liberator  
  61  5:03  SCV  
  65  5:09  Supply Depot  
  65  5:15  SCV  
  68  5:22  Bunker  
  68  5:25  SCV, Bunker  
  69  5:32  SCV  
  70  5:44  Liberator  
  70  5:49  Marine x2  
  71  5:52  Supply Depot  
  71  5:54  Command Center  
  72  6:03  SCV  
  76  6:09  SCV  
  77  6:12  Marine x2, Siege Tank  
  77  6:16  Barracks  
  77  6:18  SCV  
  83  6:19  Barracks  
  83  6:24  SCV  
  84  6:27  Liberator  
  84  6:35  SCV  
  84  6:37  Marine, Refinery x2  
  86  6:41  Marine  
  86  6:46  SCV  
  91  6:48  SCV  
  91  6:49  Barracks x2  
  92  6:54  Marine  
  93  7:03  Bunker  
  93  7:06  Siege Tank  
  84  7:24  SCV, Liberator  
  84  7:28  SCV  
  84  7:36  SCV  
  82  7:41  SCV  
  85  7:45  Barracks Tech Lab  
  85  7:48  SCV, Orbital Command  
  86  7:53  SCV  
  86  7:56  Marine x4  
  86  7:57  Siege Tank  
  94  8:01  SCV  
  94  8:02  Missile Turret  
  94  8:03  Missile Turret  
  94  8:05  SCV, Missile Turret  
  96  8:06  Stimpack  
  96  8:07  Liberator  
  96  8:09  Terran Infantry Weapons Level 1  
  96  8:11  Orbital Command  
  96  8:13  SCV  
  97  8:24  Marine x2  
  102  8:27  SCV  
  102  8:30  Bunker  
  96  8:44  Siege Tank  
  96  8:45  SCV x2  
  96  8:47  SCV  
  99  8:56  Liberator  
  99  8:57  SCV  
  99  8:58  SCV  
  101  9:03  Supply Depot  
  101  9:04  Supply Depot x2, Engineering Bay  
  101  9:06  SCV  
  102  9:15  Barracks Reactor x2  
  105  9:20  Barracks Tech Lab  
  105  9:21  SCV  
  105  9:22  SCV, Armory  
  107  9:33  SCV  
  107  9:34  SCV  
  107  9:37  Refinery x2  
  109  9:40  Barracks  
  109  9:41  Barracks  
  109  9:42  Barracks  
  109  9:48  Siege Tank  
  109  9:49  Marine x2, SCV  
  109  9:51  Marine, Marauder x2  
  120  9:53  Terran Infantry Armor Level 1  
  114  10:11  Marine  
  114  10:12  SCV  
  114  10:14  Terran Infantry Weapons Level 2  
  116  10:15  Marine x2, Marauder  
  116  10:16  Marauder  
  116  10:18  Sensor Tower, Missile Turret  
  122  10:22  SCV  
  122  10:25  Sensor Tower  
  123  10:30  Barracks Reactor  
  123  10:35  Starport  
  116  10:36  Starport Reactor, Fusion Core  
  116  10:37  Marine  
  100  10:44  SCV  
  100  10:49  Marine x2, Marauder x2  
  103  10:51  Widow Mine  
  107  10:57  Marine x3, Marauder  
  107  10:58  Bunker x2  
  107  10:59  Marine  
  107  11:00  Supply Depot  
  107  11:01  Supply Depot, Liberator x2  
  111  11:10  Marauder  
  113  11:17  Marine x3, Marauder  
  126  11:18  Marauder, Starport Tech Lab  
  126  11:32  Marauder  
  128  11:33  Command Center  
  128  11:37  Missile Turret, Advanced Ballistics  
  128  11:38  Missile Turret  
  131  11:46  Medivac  
  129  12:06  Marine x3, Marauder x3  
  129  12:08  Medivac x2  
  142  12:09  Terran Infantry Armor Level 2  
  142  12:11  Terran Ship Weapons Level 1  
  142  12:25  Factory Reactor  
  142  12:28  Marauder  
  144  12:32  Concussive Shells, Combat Shields  
  144  12:33  Liberator  
  144  12:36  Missile Turret  
  143  12:38  Marine x2, Marauder x2  
  143  12:44  Supply Depot x3  
  149  12:45  Supply Depot x4, Marine x6  
  149  12:48  Marine  
  149  12:49  Marauder  
  161  12:53  Liberator x2  
  161  12:56  Marine x2  
  169  13:16  Liberator  
  168  13:27  Marine x4, Marauder  
  168  13:28  Marine, Marauder  
  180  13:39  Planetary Fortress  
  180  13:40  Marine  
  180  13:41  Missile Turret  
  181  13:47  Marine x4, Marauder  
  187  13:49  Marauder  
  195  14:05  Marine x2  
  195  14:06  Marauder  
Show
View Real Time Build Order
Export as new Build Order

cSaroVati Protoss 

Build Orders: 1 Gate Expand, Blink Stalkers 

Get SALT Encoding   

  12  0:01  Probe (Chrono Boost)  
  13  0:11  Probe (Chrono Boost)  
  14  0:18  Pylon  
  14  0:22  Probe (Chrono Boost)  
  15  0:37  Probe (Chrono Boost)  
  15  0:40  Gateway  
  16  0:45  Assimilator  
  16  0:47  Probe (Chrono Boost)  
  17  0:58  Probe (Chrono Boost)  
  18  1:08  Probe (Chrono Boost)  
  19  1:22  Nexus  
  19  1:31  Cybernetics Core  
  19  1:33  Probe (Chrono Boost)  
  20  1:40  Assimilator  
  20  1:44  Probe (Chrono Boost)  
  21  1:49  Pylon  
  21  1:55  Probe (Chrono Boost)  
  22  2:05  Probe (Chrono Boost)  
  22  2:07  Adept (Chrono Boost)  
  25  2:08  Warp Gate  
  25  2:22  Mothership Core (Chrono Boost)  
  27  2:33  Adept  
  27  2:35  Probe (Chrono Boost)  
  30  2:40  Robotics Facility  
  30  2:41  Probe (Chrono Boost)  
  31  2:46  Probe (Chrono Boost)  
  33  2:51  Probe (Chrono Boost)  
  33  2:54  Assimilator  
  33  2:56  Probe (Chrono Boost)  
  34  3:02  Probe (Chrono Boost)  
  35  3:07  Probe (Chrono Boost)  
  35  3:12  Probe (Chrono Boost), Twilight Council  
  37  3:18  Probe (Chrono Boost)  
  38  3:21  Pylon  
  38  3:23  Probe (Chrono Boost)  
  38  3:26  Probe (Chrono Boost)  
  39  3:28  Observer (Chrono Boost)  
  42  3:34  Probe  
  42  3:37  Probe  
  42  3:39  Gateway  
  42  3:41  Gateway  
  43  3:46  Probe  
  43  3:48  Observer (Chrono Boost)  
  44  3:49  Blink (Chrono Boost)  
  44  3:53  Probe  
  46  3:57  Pylon  
  46  3:58  Probe  
  47  4:05  Probe  
  47  4:06  Observer  
  47  4:07  Pylon  
  49  4:10  Probe  
  49  4:14  Stalker  
  52  4:19  Probe  
  52  4:22  Probe  
  56  4:31  Probe  
  56  4:37  Nexus  
  57  4:40  Pylon  
  59  4:46  Immortal, Stalker  
  59  4:51  Stalker  
  63  4:54  Stalker  
  63  4:59  Pylon  
  64  5:01  Pylon  
  64  5:07  Pylon  
  64  5:10  Sentry  
  66  5:19  Adept x2  
  70  5:22  Immortal, Assimilator  
  70  5:27  Pylon  
  70  5:28  Gateway  
  74  5:29  Gateway  
  74  5:32  Pylon  
  74  5:39  Adept  
  74  5:40  Adept x2  
  74  5:51  Pylon  
  74  5:56  Immortal  
  78  6:11  Adept x2  
  78  6:12  Adept  
  84  6:26  Pylon  
  84  6:27  Pylon  
  84  6:30  Gateway  
  84  6:32  Adept x3  
  88  6:34  Immortal  
  94  6:40  Stalker x2  
  94  6:43  Pylon  
  98  6:55  Pylon  
  98  6:57  Adept x2  
  98  6:58  Adept  
  104  7:06  Stalker x2  
  82  7:29  Immortal, Stalker x3  
  74  7:30  Stalker x2  
  71  7:54  Stalker x2  
  71  7:55  Stalker x3  
  81  8:06  Immortal  
  85  8:14  Adept  
  85  8:16  Adept  
  85  8:17  Adept  
  85  8:19  Adept  
  93  8:22  Adept  
  93  8:25  Adept  
  83  8:43  Adept  
  83  8:44  Adept x4  
  87  9:02  Templar Archives  
  87  9:06  Adept x4  
  95  9:14  Warp Prism  
  95  9:23  Dark Shrine  
  97  9:30  Resonating Glaives  
  97  9:48  Stalker x2  
  97  9:49  Stalker x2  
  99  10:24  Nexus  
  69  10:46  High Templar x2  
  69  10:47  High Templar x2  
  69  10:48  High Templar x2  
  73  10:51  Archon x2  
  73  10:52  Archon  
  73  10:57  Probe x2  
  73  11:00  Pylon  
  75  11:15  Stalker  
  77  11:19  Stalker x3  
  83  11:27  Sentry  
  83  11:31  Robotics Bay  
  83  11:32  Pylon  
  85  11:36  Probe x2  
  85  11:39  Dark Templar x2  
  91  11:44  Probe  
  92  11:48  Probe x2  
  92  11:49  Assimilator  
  92  11:53  Assimilator  
  86  12:13  Colossus  
  86  12:21  Pylon, Extended Thermal Lance (Chrono Boost)  
  91  12:25  Adept x5  
  91  12:26  Adept  
  103  12:31  Gateway x2  
  103  12:47  Adept x3  
  103  12:48  Adept x3  
  115  13:08  High Templar x2, Adept  
  115  13:09  Adept x3  
  127  13:13  Colossus, Archon  
  133  13:40  High Templar x2  
  133  13:41  Adept, Stalker x2  
  141  13:42  Adept x3  
  141  13:44  Archon  
  143  14:02  Adept x2  
  145  14:03  Adept x2  
  145  14:04  Adept  
  145  14:08  Adept  
  79  14:25  Adept x2  
  79  14:30  Adept x3  
  79  14:31  Adept  
Tags
 
Add a new tag
Caveats
  • Supply blocks, unpowered buildings, or Contaminate may cause inaccurate times.
  • Supply counts are checked every 10 seconds.